 Dungeon Crawl Stone Soup version 0.30.0-18-gc0e69614cb (webtiles) character file.

Game seed: 8816813418670794935

17 Irreverend the Slasher (level 2, -1/24 (27) HPs)
             Began as a Minotaur Berserker on May 25, 2023.
             Was a Follower of Trog.
             Slain by Terence
             ... wielding the +7 Throatcutter {drain, coup de grace}
              (2 damage)
             ... on level 2 of the Dungeon.
             The game lasted 00:01:07 (711 turns).

Irreverend the Slasher (Minotaur Berserker)          Turns: 711, Time: 00:01:08

HP:   -1/24 (27)    AC:  2    Str: 21    XL:     2   Next: 44%
MP:   1/1           EV: 12    Int:  4    God:    Trog [*.....]
Gold: 59            SH:  0    Dex:  9    Spells: 1/1 levels left

rFire   . . .        a - +0 falchion
rCold   . . .        (no shield)
rNeg    . . .        b - +0 animal skin
rPois   .            (helmet restricted)
rElec   .            (no cloak)
rCorr   .            (no gloves)
SInv    .            (no boots)
Will    .....        (no amulet)
Stlth   +            (no ring)
HPRegen 0.24/turn    (no ring)
MPRegen 0.07/turn

%: no passive effects
@: heavily drained
A: horns 2, retaliatory headbutt
a: Renounce Religion, Berserk


You were on level 2 of the Dungeon.
You worshipped Trog.
Trog was aware of your devotion.
You visited 1 branch of the dungeon, and saw 2 of its levels.

You collected 59 gold pieces.

Inventory:

Hand Weapons
 a - a +0 falchion (weapon)
Armour
 b - a +0 animal skin (worn)
Potions
 c - a potion of curing {unknown}
 d - a potion of flight {unknown}


   Skills:
 + Level 3.8 Fighting
 * Level 4.1 Long Blades
 + Level 2.7 Armour
 + Level 2.4 Dodging


You had one spell level left.
You didn't know any spells.
Your spell library was empty.

Dungeon Overview and Level Annotations

Branches:
Dungeon (2/15)

Altars:
Okawaru

Annotations:
D:2 Terence


Innate Abilities, Weirdness & Mutations

You have a pair of horns on your head.
You reflexively headbutt those who attack you in melee.


Message History

There is a faded altar of an unknown god here.
Found a stone staircase leading down.
You now have 59 gold pieces (gained 4).
You see here a +0 dagger.
Partly explored, can't reach some items and places.
No target in view!
No target in view!
No target in view!
No target in view!
Partly explored, can't reach some items and places.
Partly explored, can't reach some items and places.
Partly explored, can't reach some items and places.
(D) Dungeon
Where to? (? - help)
You see here a +0 dagger.
There is a stone staircase leading down here.
You climb downwards.
There is a stone staircase leading up here.
Found an iron altar of Okawaru.
Found a stone staircase leading down.
Found an escape hatch in the ceiling.
Terence the Incautious comes into view.
He is wielding the +7 Throatcutter {drain, coup de grace} and wearing a +4 scale mail of fire resistance.
Found 5 javelins.
Terence shouts!
A frilled lizard comes into view.
Found 7 gold pieces.
Found 2 clear potions.
The frilled lizard hisses angrily.
Terence drinks a potion.
Terence seems to grow stronger.
You closely miss Terence. You headbutt Terence.
Terence is moderately wounded.
Terence hits you with the +7 Throatcutter {drain, coup de grace}!
You feel drained.
You hit Terence but do no damage.
Terence is moderately wounded.
Terence hits you with the +7 Throatcutter {drain, coup de grace}!
Ouch! That really hurt!
* * * LOW HITPOINT WARNING * * *
You feel drained.
You die...

..##........###
........#........<..#
!.......#####......##
#......#....#.#.#.####
#......#....#.#.#.#...
###.....$#....#.#.#.#.##
.......l.#......#.#.#.##
.........#....###.#.#...
#....@@......# #.#.####
#.......#....# ..#.#
#.(...).#....# ..#.#
#.#.....#....# ..#.# #
#######....# #?...#
#....# ######


You could see Terence (strong) and a frilled lizard.

Vanquished Creatures
  2 endoplasms (D:1)
  A giant cockroach (D:1)
  A goblin (D:1)
  3 hobgoblins (D:1)
  A quokka (D:1)
  2 ball pythons (D:1)
  2 bats (D:1)
  A frilled lizard (D:1)
  A kobold (D:1)
  2 rats (D:1)
16 creatures vanquished.

Notes
Turn   | Place    | Note
-------+----------+-------------------------------------------
     0 | D:1      | Irreverend the Minotaur Berserker began the quest for the
                  | Orb.
     0 | D:1      | Reached XP level 1. HP: 19/19 MP: 0/0
   106 | D:1      | Reached XP level 2. HP: 25/27 MP: 1/1
   198 | D:1      | Reached skill level 4 in Long Blades
   462 | D:1      | Found a faded altar of an unknown god.
   661 | D:2      | Found an iron altar of Okawaru.
   706 | D:2      | Noticed Terence
   711 | D:2      | HP: 1/25 [Terence/the +7 Throatcutter {drain, coup de
                  | grace} (15)]
   711 | D:2      | Slain by Terence

Illustrated notes

Levels and vault maps discovered:
D:1:      dpeg_arrival_round_c, layout_rooms, chequers_ecumenical_altar_twisty,
          lemuel_flame_loot_1
D:2:      layout_basic, basic_altar, serial_bayou_pond_c, uniq_terence,
          uniq_natasha

Skill      XL: |  1  2 |
---------------+-------+-----
Long Blades    | 4 |  4.1
Fighting       | |  3.8
Armour         | |  2.7
Dodging        | |  2.4

Action                     || total
---------------------------++-------
  Melee: Falchion          ||    33
         Headbutt          ||     3
 Invoke: Berserk           ||     1
 Armour: Animal skin       ||     7
  Dodge: Dodged            ||    25
